 Dungeon Crawl Stone Soup version 0.18.1-8-gdd0e5ea (webtiles) character file.

280002 Utsuho the Severer (level 21, -21/253 HPs)
             Began as a Formicid Fighter on May 31, 2016.
             Was the Champion of Okawaru.
             Killed from afar by an Ice Fiend (43 damage)
             ... with a bolt of cold
             ... summoned by a deep elf demonologist
             ... on level 3 of the Elven Halls on June 1, 2016.
             The game lasted 03:38:14 (32889 turns).

Utsuho the Severer (Formicid Fighter)              Turns: 32889, Time: 03:38:21

Health: -21/253    AC: 30    Str: 24    XL:     21   Next: 33%
Magic:  29/32      EV:  2    Int: 10    God:    Okawaru [******]
Gold:   2909       SH: 17    Dex: 19    Spells: 0 memorised, 20 levels left

rFire  . . .     SeeInvis .     o - +9 executioner's axe (freeze)
rCold  . . .     Gourm    .     (armour currently unavailable)
rNeg   + + +     Faith    .     S - +0 shield {reflect}
rPois  +         Spirit   .     (helmet unavailable)
rElec  .         Dismiss  .     (cloak currently unavailable)
rCorr  .         Reflect  +     (gloves currently unavailable)
SustAt .         Harm     .     (boots currently unavailable)
MR     ++...                    t - amulet of regeneration
Stlth  ++++......               I - +4 ring of dexterity
                                R - +4 ring of evasion

@: tree-form, heroism, finesse, very resistant to hostile enchantments, stealthy
A: permanent stasis, dig shafts and tunnels, four strong arms, (antennae 0)
a: Heroism, Finesse, Renounce Religion
}: 2/15 runes: serpentine, barnacled


You were on level 3 of the Elven Halls.
You worshipped Okawaru.
Okawaru was exalted by your worship.
You were not hungry.
You were a tree.
You visited 7 branches of the dungeon, and saw 32 of its levels.
You also visited: Ice Cave.

You collected 3590 gold pieces.
You spent 171 gold pieces at shops.

Inventory:

Hand Weapons
 a - the +7 battleaxe of the Harvest {freeze, rN+}
   (You acquired it on level 10 of the Dungeon)

   It has been specially enchanted to freeze those struck by it, causing extra
   injury to most foes and up to half again as much damage against particularly
   susceptible opponents.
   It can also slow down cold-blooded creatures.
   It protects you from negative energy.
 b - a +3 glaive of venom
 o - a +9 executioner's axe of freezing (weapon)
 p - a +1 dire flail of holy wrath
 Z - the +5 war axe of Risk Management {chop, MR++ Str-2 Int+3}
   (You took it off a deep elf mage on level 1 of the Elven Halls)

   It inflicts extra damage upon your enemies.
   It affects your strength (-2).
   It affects your intelligence (+3).
   It affects your resistance to hostile enchantments.
Armour
 c - the +11 crystal plate armour of Grace (melded) {rN+}
   (You acquired it on level 2 of the Shoals)

   It protects you from negative energy.
 l - the +0 pair of gloves of the Country {rElec rF+++ MR- Dex-3}
   (You found it on level 1 of the Elven Halls)

   It affects your dexterity (-3).
   It renders you almost immune to fire.
   It insulates you from electricity.
   It affects your resistance to hostile enchantments.
 x - a +2 pair of gloves of dexterity (melded)
 D - a +2 cloak of invisibility
 K - a +2 cloak of magic resistance (melded)
 S - a +0 shield of reflection (worn)
 V - a +2 pair of boots of running (melded)
Rods
 G - a +4 rod of ignition (14/14)
   (You found it on level 4 of the Shoals)
Jewellery
 i - an uncursed ring of sustain attributes
 t - an amulet of regeneration (around neck)
 C - an uncursed ring of protection from cold
 H - a +4 ring of protection
 I - a +4 ring of dexterity (right branch)
 J - an uncursed ring of positive energy
 R - a +4 ring of evasion (left branch)
 X - an uncursed ring of protection from fire
Wands
 u - a wand of flame (9/48)
 w - a wand of acid (11/15)
 E - a wand of acid (9/15)
 F - a wand of iceblast (8/15)
 L - a wand of flame (0/48)
Scrolls
 d - 5 scrolls of fear
 n - 12 scrolls of remove curse
 y - 9 scrolls of fog
 A - 2 scrolls of magic mapping
 U - 2 scrolls of summoning
Potions
 f - 3 potions of cancellation
 g - a potion of ambrosia
 j - 3 potions of resistance
 k - a potion of cure mutation
 m - 5 potions of flight
 s - a potion of might
 v - a potion of invisibility
 B - a potion of heal wounds
 M - a potion of curing
 T - a potion of lignification
 W - a potion of agility
Miscellaneous
 e - a phial of floods
 q - an ornate deck of wonders {drawn: 5}
 z - a box of beasts
 Q - a stone of tremors
 Y - a sack of spiders {used: 2}
Comestibles
 h - 7 royal jellies
 r - 6 meat rations
 P - 46 fruits


   Skills:
 + Level 15.5(20.5) Fighting
 * Level 18.5(23.5) Axes
 + Level 15.2(20.2) Armour
 + Level 12.9(17.9) Dodging
 + Level 16.4(21.4) Shields
 + Level 15.8 Invocations


You had 20 spell levels left.
You didn't know any spells.

Dungeon Overview and Level Annotations

Branches:
Dungeon (10/15)            Temple (1/1) D:6            Lair (8/8) D:9
 Shoals (4/4) Lair:5        Snake (4/4) Lair:3        Slime (0/6) Lair:8
    Orc (2/2) D:10            Elf (3/3) Orc:2

Altars:
Ashenzari
Cheibriados
Dithmenos
Elyvilon
Fedhas
Gozag
Kikubaaqudgha
Makhleb
Nemelex Xobeh
Okawaru
Pakellas
Qazlal
Ru
Sif Muna
Trog
Vehumet
Xom
Yredelemnul
Zin
The Shining One
Beogh

Shops:
D:3 *   D:9 *   Orc:1 }   Orc:2 =?::   Snake:1 [

Annotations:
D:7 4 runed doors
Shoals:1 exclusion: Roxanne, Roxanne


Innate Abilities, Weirdness & Mutations

You are under a permanent stasis effect.
You can dig through walls and to a lower floor.
Your four strong arms can wield two-handed weapons with a shield.
((You have a pair of large antennae on your head (SInv).))


Message History

Evoke which item? (* to show all) (? for menu, Esc to quit)
Zapping:
u - a wand of flame {zapped: 20} (will waste charges)
Press: ? - help, Shift-Dir - straight line, f/p - Ice Fiend
Aim: an Ice Fiend (summoned)
The puff of flame hits the Ice Fiend.
The Ice Fiend appears unharmed.
Evoking this partially-identified wand wasted a few charges.
The Ice Fiend gestures at you. The bolt of cold hits you!
Evoke which item? (* to show all) (? for menu, Esc to quit)
Zapping:
u - a wand of flame {zapped: 22} (will waste charges)
Press: ? - help, Shift-Dir - straight line, f/p - Ice Fiend
Aim: an Ice Fiend (summoned)
The puff of flame hits the Ice Fiend.
The Ice Fiend appears unharmed.
Evoking this partially-identified wand wasted a few charges.
The deep elf annihilator points at you and mumbles some strange words.
The iron shot hits you!
* * * LOW HITPOINT WARNING * * *
The Ice Fiend gestures at you.
Helpless, you fail to dodge the bolt of cold.
You die...

#..## ### ....# ###... ###
... ....⌠. #.## ..#
.....e#######..## ##.#
......§{{.§1#...# ##..#
......{{###)§)..# ##.#.#
....e.)){e))#)).# ##.##.#
....4e#######♣).###.###.###
....⌠ #...##.#......# ###.
#..##.##......# #
#.#e.###......##
#....##........#
#.....#........#
#...#.#....(...#
#.#.##.#........#
..#.#.#.##......##


You could see an Ice Fiend and a deep elf annihilator.

Vanquished Creatures
  Nikola (Snake:1)
  2 deep elf blademasters
  Asterion (Snake:2)
  A deep elf master archer (Elf:3)
  A kraken (Shoals:4)
  Ilsuiw (Shoals:4)
  8 greater nagas
  Donald (Shoals:2)
  5 deep elf sorcerers
  A frost giant (IceCv)
  3 deep elf elementalists
  A stone giant (Orc:2)
  Nessos (Lair:6)
  5 deep elf demonologists
  6 dire elephants (Lair:8)
  3 deep elf annihilators
  6 deep elf death magi (Elf:3)
  7 merfolk javelineers
  11 merfolk impalers
  3 deep elf high priests (Elf:3)
  The ghost of schammes the Covert, a journeyman VSAs of Vehumet (Lair:4)
  14 naga warriors
  10 hydras
  An alligator snapping turtle (Shoals:4)
  The ghost of Utsuho the Cleaver, a journeyman FoFi of Okawaru (D:9)
  5 anacondas
  6 merfolk aquamancers
  A catoblepas (Lair:7)
  2 merfolk avatars
  2 satyrs
  24 dancing weapons
  16 death yaks
  A small abomination (Elf:3)
  Urug (D:10)
  5 orc high priests
  8 shock serpents
  10 naga sharpshooters
  19 deep elf knights
  2 salamander mystics (Snake:2)
  2 swamp dragons
  14 sea snakes
  11 naga ritualists
  3 hill giants
  The ghost of SataraUzumaki the Skirmisher, a novice GrBe of Trog (D:8)
  Pikel (D:8)
  12 harpies
  11 deep elf archers
  6 orc knights
  49 deep elf magi
  6 mana vipers
  7 griffons
  An orc sorcerer (Orc:1)
  8 salamanders
  3 cyclopes
  7 manticores
  14 fauns
  2 guardian serpents
  25 black mambas
  5 water nymphs
  Joseph (D:8)
  20 elephants
  An ice statue (IceCv)
  17 sirens
  2 molten gargoyles (Lair:6)
  19 naga magi
  2 torpor snails (Lair:7)
  6 rime drakes
  5 spiny frogs
  5 komodo dragons
  A queen bee (D:7)
  4 trolls
  43 merfolk
  2 wind drakes
  A two-headed ogre (D:8)
  A slime creature (Lair:8)
  Grinder (D:3)
  16 polar bears
  23 blink frogs
  A raiju (shapeshifter) (Elf:2)
  11 snapping turtles
  A boulder beetle (Lair:7)
  4 air elementals
  11 water elementals
  A wyvern (D:10)
  7 fire elementals
  81 yaks
  4 basilisks
  7 hippogriffs
  A warg (Orc:1)
  35 nagas
  Duvessa (D:5)
  16 water moccasins
  7 porcupines
  A slave (D:8)
  A black bear (D:6)
  11 ice beasts
  34 orc warriors
  4 swamp drakes
  5 phantoms
  11 ogres
  A necrophage (D:7)
  25 wolves
  10 crocodiles
  5 centaurs
  2 big kobolds
  20 giant frogs
  An earth elemental (Elf:2)
  4 scorpions
  Dowan (D:5)
  25 killer bees
  An electric eel (Lair:5)
  3 howler monkeys
  2 crimson imps
  5 lava snakes (Lair:6)
  A wasp zombie (D:10)
  2 giant frog zombies
  6 hounds
  2 quasits
  A giant frog skeleton (D:10)
  33 orc priests
  4 jellies
  14 orc wizards
  3 centaur skeletons
  Jessica (D:3)
  Terence (D:3)
  8 iguanas
  5 worker ants
  2 hell rats (D:9)
  9 sheep
  A hound zombie (D:7)
  3 hound skeletons
  Robin (D:3)
  A howler monkey skeleton (D:10)
  9 adders
  35 river rats
  2 shadow imps
  2 oozes
  An adder skeleton (D:4)
  An adder zombie (D:8)
  3 worms
  2 dart slugs (D:1)
  5 giant geckos
  66 orcs
  3 ball pythons
  6 giant cockroaches
  9 hobgoblins
  16 jackals
  23 kobolds
  5 quokkas
  10 bats
  A giant gecko zombie (D:6)
  8 giant newts
  19 goblins
  3 jackal skeletons
  7 rats
  5 crawling corpses (Elf:3)
  5 fungi
  18 plants
  4 tentacles (Shoals:4)
1281 creatures vanquished.

Vanquished Creatures (collateral kills)
  A swamp dragon (Snake:3)
  2 salamanders
  A black mamba (Snake:2)
  A naga (Snake:3)
5 creatures vanquished.

Vanquished Creatures (others)
  A sphinx (D:5)
  A merfolk javelineer (Shoals:4)
  A naga sharpshooter (Snake:4)
  A deep elf mage (Elf:1)
  A manticore (Shoals:4)
  A merfolk (Snake:3)
  A swamp worm (Snake:2)
  A centaur (Shoals:2)
  2 big kobolds
  36 fungi
  24 plants
  4 tentacles (Shoals:4)
  275 tentacle segments (Shoals:4)
349 creatures vanquished.

Grand Total: 1635 creatures vanquished

Notes
Turn   | Place    | Note
--------------------------------------------------------------
     0 | D:1      | Utsuho the Formicid Fighter began the quest for the Orb.
     0 | D:1      | Reached XP level 1. HP: 18/18 MP: 1/1
   161 | D:1      | Reached XP level 2. HP: 23/24 MP: 2/2
   305 | D:1      | Reached XP level 3. HP: 29/30 MP: 3/3
   788 | D:2      | Reached skill level 1 in Dodging
   801 | D:2      | Reached XP level 4. HP: 34/37 MP: 4/4
   841 | D:2      | Gained mutation: Scrolls take you a little longer to read. [potion of mutation]
   841 | D:2      | Gained mutation: You are somewhat resistant to further mutation. [potion of mutation]
  1063 | D:2      | Reached skill level 3 in Axes
  1235 | D:3      | Noticed Grinder
  1239 | D:3      | Reached XP level 5. HP: 37/42 MP: 5/5
  1288 | D:3      | Found a sparkling altar of Nemelex Xobeh.
  1419 | D:3      | Killed Grinder
  1419 | D:3      | Reached skill level 4 in Axes
  1419 | D:3      | Reached XP level 6. HP: 11/49 MP: 6/6
  1696 | D:3      | Found an opulent altar of Gozag.
  1701 | D:3      | Found Gozag's Platinum Reserve.
  1913 | D:3      | Noticed Jessica
  1918 | D:3      | Reached XP level 7. HP: 55/55 MP: 7/7
  1921 | D:3      | Killed Jessica
  2210 | D:3      | Noticed Terence
  2223 | D:3      | Killed Terence
  2331 | D:3      | Noticed Robin
  2344 | D:3      | Killed Robin
  2399 | D:4      | Reached skill level 5 in Shields
  2914 | D:5      | Entered Level 5 of the Dungeon
  2925 | D:5      | Reached skill level 5 in Fighting
  2927 | D:5      | Noticed Dowan
  2928 | D:5      | Noticed Duvessa
  2960 | D:5      | Killed Dowan
  2969 | D:5      | Killed Duvessa
  2969 | D:5      | Reached skill level 5 in Axes
  2969 | D:5      | Reached skill level 5 in Armour
  2969 | D:5      | Reached XP level 8. HP: 32/62 MP: 8/8
  3025 | D:5      | Got a warped graven amulet
  3184 | D:5      | Found a blossoming altar of Fedhas.
  3184 | D:5      | Found a snail-covered altar of Cheibriados.
  3231 | D:5      | Identified the amulet "Daufuf" {Gourm +Blink} (You found it on level 5 of the Dungeon)
  3273 | D:5      | Found an oddly glowing altar of Pakellas.
  3274 | D:5      | Noticed a sphinx
  3284 | D:5      | Killed a sphinx
  3300 | D:5      | Found a white marble altar of Elyvilon.
  3926 | D:6      | Reached skill level 6 in Axes
  4076 | D:6      | Found a staircase to the Ecumenical Temple.
  4082 | Temple   | Entered the Ecumenical Temple
  4089 | Temple   | Became a worshipper of Warmaster Okawaru
  4136 | D:6      | Found a large runed door.
  4136 | D:6      | Found a large runed door.
  4170 | D:6      | Reached XP level 9. HP: 37/69 MP: 9/9
  4370 | D:6      | Found a large runed door.
  4370 | D:6      | Found a large runed door.
  4453 | D:6      | Reached * piety under Okawaru
  4559 | D:7      | Reached skill level 7 in Axes
  4776 | D:7      | Found a huge runed gate.
  4776 | D:7      | Found a huge runed gate.
  4776 | D:7      | Found a huge runed gate.
  4776 | D:7      | Found a huge runed gate.
  4776 | D:7      | Noticed a polar bear
  4777 | D:7      | Noticed a polar bear
  4777 | D:7      | Noticed a griffon
  4777 | D:7      | Noticed a polar bear
  4777 | D:7      | Noticed a polar bear
  4885 | D:7      | Found a shadowy altar of Dithmenos.
  4980 | D:7      | Reached ** piety under Okawaru
  4980 | D:7      | Reached XP level 10. HP: 77/77 MP: 10/10
  5292 | D:8      | Noticed SataraUzumaki's ghost (novice GrBe)
  5293 | D:8      | Reached skill level 8 in Axes
  5536 | D:7      | Reached skill level 5 in Dodging
  5847 | D:7      | Reached *** piety under Okawaru
  6059 | D:8      | Killed SataraUzumaki's ghost
  6059 | D:8      | Reached skill level 9 in Axes
  6204 | D:8      | Noticed Joseph
  6219 | D:8      | Killed Joseph
  6329 | D:8      | Reached XP level 11. HP: 78/86 MP: 11/11
  6339 | D:8      | Noticed Pikel
  6364 | D:8      | Killed Pikel
  6364 | D:8      | Reached **** piety under Okawaru
  6413 | D:8      | Got a spiked ring mail
  6416 | D:8      | Identified the cursed +0 ring mail of Insecurity {rElec rCorr Int+5 Stlth-} (You took it off a kobold on level 8 of the Dungeon)
  6510 | D:8      | Found a glowing golden altar of the Shining One.
  6805 | D:9      | Found a staircase to the Lair.
  7221 | D:9      | Noticed Utsuho's ghost (journeyman FoFi)
  7249 | D:9      | Killed Utsuho's ghost
  7249 | D:9      | Reached skill level 10 in Axes
  7432 | D:9      | Found Uxiunn's Serpentskin Sales.
  7440 | D:9      | Reached ***** piety under Okawaru
  7499 | D:9      | Noticed a hill giant
  7510 | D:9      | Killed a hill giant
  7535 | D:9      | Noticed a cyclops
  7551 | D:9      | Killed a cyclops
  7560 | Lair:1   | Entered Level 1 of the Lair of Beasts
  7625 | Lair:1   | Noticed a six-headed hydra
  7670 | D:9      | You fall through a shaft!
  7670 | D:10     | Entered Level 10 of the Dungeon
  7895 | D:10     | Noticed a hill giant
  7901 | D:10     | Killed a hill giant
  7954 | D:10     | Noticed Urug
  7976 | D:10     | Killed Urug
  7976 | D:10     | Reached XP level 12. HP: 33/95 MP: 10/12
  8138 | D:10     | Gained mutation: You are clumsy. (Dex -2) [potion of mutation]
  8181 | D:10     | Reached skill level 10 in Shields
  8273 | D:10     | Found a staircase to the Orcish Mines.
  8375 | D:10     | Found a roughly hewn altar of Beogh.
  8543 | D:10     | Identified a scroll of acquirement
  8543 | D:10     | Got a crystal battleaxe
  8544 | D:10     | Identified the +7 battleaxe of the Harvest {freeze, rN+} (You acquired it on level 10 of the Dungeon)
  8620 | D:10     | Received a gift from Okawaru
  8622 | D:10     | Reached skill level 11 in Axes
  8710 | Orc:1    | Entered Level 1 of the Orcish Mines
  8796 | Orc:1    | Found Reuq's Quality Used Wands.
  9107 | Orc:1    | Reached skill level 1 in Invocations
  9522 | Orc:2    | Entered Level 2 of the Orcish Mines
  9522 | Orc:2    | Found a staircase to the Elven Halls.
  9522 | Orc:2    | Noticed a stone giant
  9545 | Orc:2    | Found a frozen archway.
  9577 | IceCv    | Entered an ice cave
  9598 | IceCv    | Reached skill level 5 in Invocations
  9632 | IceCv    | Received a gift from Okawaru
  9682 | IceCv    | Reached ****** piety under Okawaru
  9825 | IceCv    | Reached XP level 13. HP: 98/101 MP: 19/19
 10159 | IceCv    | Noticed a frost giant
 10175 | IceCv    | Received a gift from Okawaru
 10185 | IceCv    | Killed a frost giant
 10185 | IceCv    | Received a gift from Okawaru
 10226 | IceCv    | Got a jewelled broad axe {god gift}
 10228 | IceCv    | Identified the +9 broad axe "Suesaz" {drain, *Contam *Drain rF+++ Str+2} (Okawaru gifted it to you in an ice cave)
 10591 | Orc:1    | Reached skill level 10 in Fighting
 10788 | Orc:2    | Reached skill level 12 in Axes
 10818 | Orc:2    | Reached skill level 10 in Armour
 11407 | Orc:2    | Received a gift from Okawaru
 11721 | Orc:2    | Reached XP level 14. HP: 111/111 MP: 21/21
 11751 | Orc:2    | Lost mutation: You are clumsy. (Dex -2) [potion of cure mutation]
 11751 | Orc:2    | Lost mutation: Scrolls take you a little longer to read. [potion of cure mutation]
 11751 | Orc:2    | Lost mutation: You are somewhat resistant to further mutation. [potion of cure mutation]
 11766 | Orc:2    | Found Qougu's Book Shop.
 11766 | Orc:2    | Found Foufrisch's Jewellery Shop.
 11767 | Orc:2    | Found Bekemoaq's Book Shop.
 11767 | Orc:2    | Found Jaeps's Magic Scroll Boutique.
 12044 | Orc:2    | Received a gift from Okawaru
 12093 | Orc:2    | Killed a stone giant
 13342 | Lair:1   | Reached skill level 10 in Invocations
 13870 | Lair:2   | Reached skill level 13 in Axes
 14194 | Lair:3   | Found a staircase to the Snake Pit.
 14959 | Lair:4   | Received a gift from Okawaru
 15266 | Lair:4   | Reached XP level 15. HP: 106/119 MP: 21/23
 15507 | Lair:4   | Noticed schammes's ghost (journeyman VSAs)
 15525 | Lair:4   | Killed schammes's ghost
 16016 | Lair:5   | Found a staircase to the Shoals.
 17006 | Lair:6   | Noticed Nessos
 17452 | Lair:6   | Killed Nessos
 17926 | Lair:7   | Reached skill level 14 in Axes
 17928 | Lair:7   | Received a gift from Okawaru
 18275 | Lair:7   | You fall through a shaft!
 18275 | Lair:8   | Entered Level 8 of the Lair of Beasts
 18422 | Lair:8   | Got a crude chain mail
 18423 | Lair:8   | Identified the cursed +0 chain mail of Magic {Str+2} (You found it on level 8 of the Lair of Beasts)
 18562 | Lair:8   | Reached XP level 16. HP: 127/127 MP: 24/24
 18790 | Lair:8   | Found a staircase to the Slime Pits.
 18813 | Lair:8   | Received a gift from Okawaru
 18824 | Lair:8   | Identified a +1 pair of boots of running (Okawaru gifted it to you on level 8 of the Lair of Beasts)
 19341 | Lair:8   | Reached skill level 10 in Dodging
 19534 | Lair:7   | Got a warped falchion {god gift}
 19535 | Lair:7   | Identified the +7 falchion of Liberalism {elec, rF+ MP+9 Dex+4} (Okawaru gifted it to you on level 7 of the Lair of Beasts)
 19622 | Shoals:1 | Entered Level 1 of the Shoals
 20173 | Shoals:1 | Noticed Roxanne
 20444 | Shoals:1 | Received a gift from Okawaru
 20585 | Shoals:1 | Reached skill level 15 in Axes
 20792 | Shoals:2 | Noticed Donald
 20829 | Shoals:2 | Killed Donald
 21115 | Shoals:2 | Reached XP level 17. HP: 119/135 MP: 26/26
 21202 | Shoals:2 | Got a translucent crystal plate armour
 21213 | Shoals:2 | Identified the +11 crystal plate armour of Grace {rN+} (You acquired it on level 2 of the Shoals)
 21458 | Shoals:2 | Found a glowing silver altar of Zin.
 21615 | Shoals:2 | Received a gift from Okawaru
 22727 | Shoals:4 | Entered Level 4 of the Shoals
 23321 | Shoals:4 | Noticed a kraken
 23335 | Shoals:4 | Received a gift from Okawaru
 23337 | Shoals:4 | Killed a kraken
 23400 | Shoals:4 | Identified a +2 rod of ignition (13/13) (You found it on level 4 of the Shoals)
 23686 | Shoals:4 | Got a barnacled rune of Zot
 23771 | Shoals:4 | Reached XP level 18. HP: 143/143 MP: 28/28
 23804 | Shoals:4 | Reached skill level 16 in Axes
 23812 | Shoals:4 | Noticed Ilsuiw
 23813 | Shoals:4 | Hired Depe the big kobold for 101 gold.
 23836 | Shoals:4 | Your ally Depe died
 23871 | Shoals:4 | Killed Ilsuiw
 23871 | Shoals:4 | Received a gift from Okawaru
 25080 | Snake:1  | Entered Level 1 of the Snake Pit
 25341 | Snake:1  | Got an encrusted dagger
 25371 | Snake:1  | Noticed Nikola
 25401 | Snake:1  | Killed Nikola
 25965 | Snake:1  | Found Ulugheam's Antique Armour Emporium.
 26136 | Snake:1  | Got a scorched scale mail
 26147 | Snake:1  | Identified the +2 scale mail of the Ant {rPois} (You found it on level 1 of the Snake Pit)
 26760 | Snake:2  | Noticed Asterion
 26788 | Snake:2  | Killed Asterion
 26788 | Snake:2  | Received a gift from Okawaru
 27885 | Snake:2  | Hired Rivvimue the merfolk for 314 gold.
 27892 | Snake:2  | Reached XP level 19. HP: 109/152 MP: 29/29
 28026 | Snake:3  | Reached skill level 15 in Shields
 28045 | Snake:3  | Identified the +3 dagger "Ogrebane" {flame, *Rage rC+ MR+ Dex+2} (You found it on level 1 of the Snake Pit)
 28218 | Snake:3  | Your ally Rivvimue died
 28508 | Snake:4  | Entered Level 4 of the Snake Pit
 28726 | Snake:4  | Reached skill level 17 in Axes
 28758 | Snake:4  | Received a gift from Okawaru
 28827 | Snake:4  | Hired Fobla the big kobold for 95 gold.
 28835 | Snake:4  | Your ally Fobla died
 29334 | Snake:4  | Received a gift from Okawaru
 29511 | Snake:4  | Got a serpentine rune of Zot
 30053 | Orc:2    | Bought a scroll of identify for 36 gold pieces
 30053 | Orc:2    | Bought a scroll of enchant weapon for 135 gold pieces
 30132 | Elf:1    | Entered Level 1 of the Elven Halls
 30296 | Elf:1    | Reached skill level 15 in Invocations
 30296 | Elf:1    | Reached XP level 20. HP: 143/160 MP: 31/31
 31104 | Elf:1    | Got an ichor-stained war axe {chop}
 31295 | Elf:1    | Received a gift from Okawaru
 31308 | Elf:1    | Got a pair of ancient gloves
 31319 | Elf:1    | Identified the +0 pair of gloves of the Country {rElec rF+++ MR- Dex-3} (You found it on level 1 of the Elven Halls)
 31343 | Elf:2    | Found a huge runed gate.
 31343 | Elf:2    | Found a huge runed gate.
 31343 | Elf:2    | Found a huge runed gate.
 31343 | Elf:2    | Found a huge runed gate.
 31343 | Elf:2    | Found a huge runed gate.
 31390 | Elf:2    | Reached skill level 15 in Fighting
 32099 | Elf:2    | Identified the +5 war axe of Risk Management {chop, MR++ Str-2 Int+3} (You took it off a deep elf mage on level 1 of the Elven Halls)
 32306 | Elf:2    | Reached skill level 18 in Axes
 32329 | Elf:2    | Reached skill level 15 in Armour
 32678 | Elf:3    | Entered Level 3 of the Elven Halls
 32774 | Elf:3    | Received a gift from Okawaru
 32774 | Elf:3    | Reached XP level 21. HP: 124/168 MP: 27/32
 32889 | Elf:3    | Killed from afar by an Ice Fiend

Skill      XL: |  1  2  3  4  5  6  7  8  9 10 11 12 13 14 15 16 17 18 19 20 |
---------------+-------------------------------------------------------------+-----
Dodging        | 1 2 3 4 5 6 7 8 9 10 11 12 | 12.9
Fighting       | 4 5 6 8 9 10 11 12 13 14 15 | 15.5
Axes           | 3 4 5 6 7 9 10 11 12 13 14 15 16 17 18 | 18.5
Shields        | 4 5 6 7 8 9 10 11 12 13 14 15 16 | 16.4
Armour         | 4 5 6 7 8 9 10 11 12 13 14 15 | 15.2
Invocations    | 8 9 10 11 12 13 14 15 | 15.8

Action                   |  1- 3 |  4- 6 |  7- 9 | 10-12 | 13-15 | 16-18 | 19-21 || total
-------------------------+-------+-------+-------+-------+-------+-------+-------++-------
Melee: War axe           |   125 |   186 |   278 |   108 |       |       |       ||   697
       Glaive            |       |       |    97 |   438 |       |       |       ||   535
       Battleaxe         |       |       |       |   146 |   156 |       |       ||   302
       Broad axe         |       |       |       |       |   926 |  1298 |   680 ||  2904
       Executioner's axe |       |       |       |       |       |       |   178 ||   178
Invok: Heroism           |       |       |       |     6 |     2 |     2 |     4 ||    14
       Finesse           |       |       |       |       |     4 |     2 |     3 ||     9
 Abil: Dig               |     2 |     1 |     1 |     8 |     9 |    11 |     4 ||    36
       Shaft Self        |       |       |       |     1 |       |       |       ||     1
Evoke: Wand              |       |       |       |    15 |    43 |    18 |    11 ||    87
       Deck              |       |       |       |       |     1 |     4 |     1 ||     6
       Stone of tremors  |       |       |       |       |     1 |       |       ||     1
       Sack of spiders   |       |       |       |       |       |     3 |       ||     3
  Use: Scroll            |       |    10 |    15 |     8 |     8 |    10 |    10 ||    61
       Potion            |       |     3 |     3 |     9 |     7 |    10 |    12 ||    44
 Stab: Confused          |       |       |       |       |       |     1 |       ||     1
       Held in net/web   |       |       |       |       |       |     2 |       ||     2
  Eat: Bread ration      |       |     1 |     3 |     4 |     2 |     2 |       ||    12
       Meat ration       |       |       |       |     2 |     4 |     4 |     3 ||    13
       Pizza             |       |       |       |     1 |     3 |     1 |       ||     5
       Beef jerky        |       |       |       |     1 |       |     1 |       ||     2
       Chunk             |       |       |       |       |     1 |       |       ||     1
Armor: Scale mail        |    29 |       |       |       |   116 |   150 |    62 ||   357
       Plate armour      |    44 |   159 |   217 |   443 |   258 |       |       ||  1121
       Skin              |       |       |       |    55 |       |     6 |     4 ||    65
       Crystal plate arm |       |       |       |       |       |   425 |   199 ||   624
Dodge: Dodged            |    29 |    36 |    88 |   270 |   508 |   649 |   479 ||  2059
Block: Shield            |    67 |   125 |   220 |   513 |   702 |  1007 |   591 ||  3225
       Reflection        |       |       |       |       |       |    74 |    68 ||   142
